 Dungeon Crawl Stone Soup version 0.31-a0-795-g5eb97db20b (webtiles) character file.

Game seed: 13707544709141690393

1655 cforsyth the Fighter (level 9, -3/63 HPs)
             Began as a Djinni Delver on Sept 19, 2023.
             Was a Follower of Hepliaklqana.
             Slain by an ice beast (9 damage)
             ... on level 6 of the Dungeon.
             The game lasted 00:08:49 (7539 turns).

cforsyth the Fighter (Djinni Delver)                Turns: 7539, Time: 00:08:50

Health: -3/63      AC:  6    Str: 11    XL:     9   Next: 20%
Gold:   305        EV: 12    Int: 22    God:    Hepliaklqana [*.....] SH:  0 Dex: 18

rFire   + + .        G - +5 short sword of Sudden Death {heavy, rN+ Dex+3}
rCold   x . .        (no shield)
rNeg    + . .        b - +0 leather armour
rPois   ∞            (no helmet)
rElec   .            A - +2 cloak {rPois}
rCorr   .            (no gloves)
SInv    .            (boots unavailable)
Will    +....        s - amulet of regeneration
Stlth   +++          v - +6 ring of intelligence
HPRegen 1.10/turn    u - ring of willpower
MPRegen 0.00/turn

%: infuse magic (-4 HP)
@: flying
A: reduced essence, sickness immunity, fire resistance 2, cold vulnerability 1,
float, innate caster, HP casting, extra vitality 1
a: Renounce Religion, Recall Ancestor, Ancestor Identity


You were on level 6 of the Dungeon.
You worshipped Hepliaklqana.
Hepliaklqana was aware of your devotion.
You visited 2 branches of the dungeon, and saw 8 of its levels.

You collected 305 gold pieces.

Inventory:

Hand Weapons
 a - a +0 falchion
 x - a +0 spear of venom
 G - the +5 short sword of Sudden Death (weapon) {heavy, rN+ Dex+3}
   (You found it on level 6 of the Dungeon)

   Dex+3:     It affects your dexterity (+3).
   rN+:       It protects you from negative energy.
Armour
 b - a +0 leather armour (worn)
 A - a +2 cloak of poison resistance (worn)
Jewellery
 m - a ring of willpower
 s - an amulet of regeneration (around neck)
 u - a ring of willpower (right hand)
 v - a +6 ring of intelligence (left hand)
 E - an amulet of the acrobat
Wands
 g - a wand of digging (3)
 h - a wand of quicksilver (8)
 y - a wand of flame (10)
Scrolls
 c - 2 scrolls of fog
 d - 2 scrolls of revelation
 e - 4 scrolls of fear
 i - 4 scrolls of identify {unknown}
 j - a scroll of teleportation {unknown}
 k - a scroll of butterflies {unknown}
 l - 2 scrolls of poison {unknown}
 o - a scroll of silence {unknown}
 B - a scroll of amnesia {unknown}
Potions
 f - a potion of haste
 n - a potion of brilliance {unknown}
 p - a potion of degeneration {unknown}
 q - a potion of attraction {unknown}
 r - 2 potions of heal wounds {unknown}
 t - a potion of cancellation {unknown}
 w - a potion of magic {unknown}
 z - 2 potions of enlightenment {unknown}
 C - a potion of might {unknown}
 D - 2 potions of invisibility {unknown}
 F - a potion of curing {unknown}


   Skills:
 + Level 8.4 Fighting
 - Level 1.7 Long Blades
 - Level 2.1 Dodging
 - Level 4.1 Stealth
 + Level 5.6 Spellcasting
 + Level 5.6 Conjurations
 + Level 5.6 Hexes
   Level 0.0 Charms
 + Level 5.6 Summonings
 + Level 5.6 Necromancy
 + Level 5.6 Translocations
 + Level 5.6 Transmutations
 + Level 5.6 Fire Magic
 + Level 5.6 Ice Magic
 + Level 5.6 Air Magic
 + Level 5.6 Earth Magic
 + Level 5.6 Poison Magic


You knew the following spells:

 Your Spells              Type           Power      Damage    Failure   Level
a - Freeze                Ice            100%       1d10      1%          1
b - Jinxbite              Hex            62%        N/A       1%          2
c - Vampiric Draining     Necr           31%        2d8       3%          3
d - Dispel Undead         Necr           31%        3d14      12%         4
Your spell library was empty.

Dungeon Overview and Level Annotations

Branches:
Dungeon (7/15)             Temple (1/1) D:4

Altars:
Ashenzari
Cheibriados
Dithmenos
Elyvilon
Gozag
Hepliaklqana
Makhleb
Nemelex Xobeh
Qazlal
Trog
Uskayaw
Yredelemnul
Zin
The Shining One

Shops:
D:6 :


Innate Abilities, Weirdness & Mutations

Your life essence is reduced to manifest your ancestor. (-10% HP)
You are immune to sickness and miasma.
You are immune to poison.
Your flesh is very heat resistant. (rF++)
You are vulnerable to cold. (rC-)
You float through the air rather than walking.
You learn spells naturally, not from books.
Your magical power is your life essence.
You have superior vitality. (+4 MHP)


Message History

The ice beast hits you but does no damage.
The sky beast completely misses you. The ice beast misses you.
There is a stone staircase leading up here.
The sky beast hits you. The sky beast shocks you.
The ice beast hits you but does no damage.
Aahotepre hits the sky beast but does no damage.
You fly upwards.
There is a stone staircase leading down here.
You puncture the sky beast!
The sky beast is moderately wounded.
The ice beast barely misses you. The sky beast closely misses you.
Aahotepre misses the sky beast.
You swap places.
The ice beast hits you but does no damage.
The sky beast misses you.
Aahotepre hits the sky beast!
The sky beast closely misses you.
Aahotepre hits the sky beast but does no damage.
The ice beast attacks as it pursues you!
The ice beast barely misses you. The sky beast hits you.
The sky beast shocks you.
Aahotepre hits the sky beast!
The sky beast dies!
The ice beast attacks as it pursues you!
The ice beast hits you but does no damage.
You barely miss the ice beast.
The ice beast hits you but does no damage.
Aahotepre closely misses the ice beast.
The ice beast hits you. The ice beast freezes you!!
You feel a terrible chill!
You puncture the ice beast!
The ice beast is moderately wounded.
Aahotepre barely misses the ice beast.
The ice beast misses you.
Aahotepre closely misses the ice beast.
You puncture the ice beast!
The ice beast is severely wounded.
The ice beast hits you. The ice beast freezes you!!
You feel a terrible chill!
* * * LOW HITPOINT WARNING * * *
Aahotepre hits the ice beast but does no damage.
The ice beast hits you.
* * * LOW HITPOINT WARNING * * *
The ice beast freezes you!
You feel a terrible chill!
You die...

##..###.# ##..## ##..###.#
##..## #.# #...## #### #.#
#..## ##.# #....## #.#
##..###.## ##.†...# ###
##.†..## ##(.>##.## ######
##..)####.####### ##.##.R#
##..#...## ##.####Y#
##..†...## #####.## #@##
######..# ######∩##.##
##.#### ##.## .....#'#..#
##...## ##.## ..........##
###..###.##
.####......#### ##.....#
g.)...........#####
##...##
###.....).........########
##..#######..###.)# #.##
##.# ##.##


You could see the friendly Aahotepre the ancestor and an ice beast (ally
target).

Vanquished Creatures
  A water moccasin (D:6)
  2 ice beasts
  2 ogres
  A centaur (D:6)
  2 gnoll sergeants (D:6)
  3 scorpions
  A jelly (D:6)
  Crazy Yiuf (D:2)
  2 hounds (D:6)
  A gnoll bouda (D:4)
  2 sleepcaps
  Ijyb (D:3)
  Natasha (thrice) (D:2)
  An iguana (D:4)
  9 adders
  14 gnolls
  A white imp (D:4)
  An ufetubus (D:4)
  3 worms
  4 dart slugs
  12 orcs
  3 endoplasms
  2 giant cockroaches (D:4)
  5 goblins
  6 hobgoblins
  7 jackals
  8 kobolds
  3 quokkas
  3 ball pythons
  7 bats
  3 rats
114 creatures vanquished.

Vanquished Creatures (collateral kills)
  A sky beast (D:6)
  An iguana (D:6)
  5 gnolls (D:6)
  An endoplasm (D:1)
8 creatures vanquished.

Vanquished Creatures (others)
  2 ancestors
2 creatures vanquished.

Grand Total: 124 creatures vanquished

Notes
Turn   | Place    | Note
-------+----------+-------------------------------------------
     0 | D:5      | cforsyth the Djinni Delver began the quest for the Orb.
     0 | D:5      | Reached XP level 1. HP: 20/20 MP: 0/0
    21 | D:5      | Reached XP level 2. HP: 22/25 MP: 0/0
    84 | D:4      | Reached skill level 1 in Spellcasting
    84 | D:4      | Reached skill level 1 in Conjurations
    84 | D:4      | Reached skill level 1 in Hexes
    84 | D:4      | Reached skill level 1 in Summonings
    84 | D:4      | Reached skill level 1 in Necromancy
    84 | D:4      | Reached skill level 1 in Translocations
    84 | D:4      | Reached skill level 1 in Transmutations
    84 | D:4      | Reached skill level 1 in Fire Magic
    84 | D:4      | Reached skill level 1 in Ice Magic
    84 | D:4      | Reached skill level 1 in Air Magic
    84 | D:4      | Reached skill level 1 in Earth Magic
    84 | D:4      | Reached skill level 1 in Poison Magic
   351 | D:4      | Reached XP level 3. HP: 21/30 MP: 0/0
   351 | D:4      | Learned a level 1 spell: Freeze
   465 | D:4      | Noticed a scorpion
   476 | D:4      | Killed a scorpion
   477 | D:4      | Reached skill level 4 in Fighting
   477 | D:4      | Reached XP level 4. HP: 4/37 MP: 0/0
   777 | D:4      | Reached XP level 5. HP: 35/41 MP: 0/0
   777 | D:4      | Learned a level 2 spell: Jinxbite
  1112 | D:4      | Found a staircase to the Ecumenical Temple.
  1129 | D:4      | Reached XP level 6. HP: 35/49 MP: 0/0
  1143 | Temple   | Entered the Ecumenical Temple
  1662 | D:4      | Reached skill level 5 in Fighting
  1841 | D:3      | Noticed Ijyb
  1849 | D:3      | Killed Ijyb
  2670 | D:3      | Found a hide-covered altar of Uskayaw.
  2670 | D:3      | Found a stormy altar of Qazlal.
  3159 | D:4      | Reached XP level 7. HP: 51/54 MP: 0/0
  3159 | D:4      | Learned a level 3 spell: Vampiric Draining
  3586 | D:5      | Reached skill level 6 in Fighting
  3888 | D:6      | Reached XP level 8. HP: 35/62 MP: 0/0
  4033 | D:6      | Reached skill level 7 in Fighting
  4091 | D:6      | Found a shadowy altar of Dithmenos.
  4091 | D:6      | Found a hazy altar of Hepliaklqana.
  4238 | D:6      | Became a worshipper of Hepliaklqana the Forgotten
  4523 | D:2      | Noticed Natasha
  4534 | D:2      | Killed Natasha
  4642 | D:2      | Found a runed translucent door.
  4643 | D:2      | Noticed Crazy Yiuf
  5031 | D:2      | Noticed Natasha
  5041 | D:2      | Killed Natasha
  5107 | D:2      | Reached * piety under Hepliaklqana
  5403 | D:2      | Noticed Natasha
  5409 | D:2      | Killed Natasha
  6017 | D:2      | Killed Crazy Yiuf
  6631 | D:6      | Identified the +5 short sword of Sudden Death {heavy, rN+
                  | Dex+3}
  6694 | D:6      | Reached skill level 5 in Spellcasting
  6694 | D:6      | Reached skill level 5 in Conjurations
  6694 | D:6      | Reached skill level 5 in Hexes
  6694 | D:6      | Reached skill level 5 in Summonings
  6694 | D:6      | Reached skill level 5 in Necromancy
  6694 | D:6      | Reached skill level 5 in Translocations
  6694 | D:6      | Reached skill level 5 in Transmutations
  6694 | D:6      | Reached skill level 5 in Fire Magic
  6694 | D:6      | Reached skill level 5 in Ice Magic
  6694 | D:6      | Reached skill level 5 in Air Magic
  6694 | D:6      | Reached skill level 5 in Earth Magic
  6694 | D:6      | Reached skill level 5 in Poison Magic
  6788 | D:6      | Found a glowing silver altar of Zin.
  7296 | D:6      | Reached skill level 8 in Fighting
  7296 | D:6      | Reached XP level 9. HP: 63/63 MP: 0/0
  7296 | D:6      | Learned a level 4 spell: Dispel Undead
  7331 | D:6      | Found Estilaick's Book Emporium.
  7539 | D:6      | Slain by an ice beast

Illustrated notes

Levels and vault maps discovered:
D:1:      eino_arrival_cavern_d, layout_basic
D:2:      layout_basic, uniq_crazy_yiuf_cottage, uniq_natasha
D:3:      layout_loops_corners, gammafunk_temple_overflow_wave, uniq_ijyb
D:4:      layout_loops_cross, minmay_temple_entry_mini_moons, nicolae_wormholes
D:5:      layout_rooms
D:6:      layout_layer_cave, mainiacjoe_overflow_paths,
          chequers_temple_overflow_statue_of_worship, serial_shops,
          kennysheep_mini, st_stairs_5
D:7:      layout_gridville, pdpol_wu_jian_five_deadly_venoms, st_stairs_6,
          chequers_serial_rivers_large_a, nicolae_shop_self_help
Temple:   compressed_dpeg_circular_temple

Skill      XL: |  1  2  3  4  5  6  7  8 |
---------------+-------------------------+-----
Spellcasting   | 1 2 3 4 5 |  5.6
Conjurations   | 1 2 3 4 5 |  5.6
Hexes          | 1 2 3 4 5 |  5.6
Summonings     | 1 2 3 4 5 |  5.6
Necromancy     | 1 2 3 4 5 |  5.6
Translocations | 1 2 3 4 5 |  5.6
Transmutations | 1 2 3 4 5 |  5.6
Fire Magic     | 1 2 3 4 5 |  5.6
Ice Magic      | 1 2 3 4 5 |  5.6
Air Magic      | 1 2 3 4 5 |  5.6
Earth Magic    | 1 2 3 4 5 |  5.6
Poison Magic   | 1 2 3 4 5 |  5.6
Fighting       | 4 5 6 8 |  8.4
Long Blades    | |  1.7
Dodging        | |  2.1
Stealth        | |  4.1

Action                     |  1- 3 |  4- 6 |  7- 9 || total
---------------------------+-------+-------+-------++-------
  Melee: Falchion          |    32 |   175 |    16 ||   223
         Punch             |     1 |     3 |     4 ||     8
         Spear             |       |       |   143 ||   143
         Short sword       |       |       |    13 ||    13
   Cast: Vampiric Draining |       |       |    43 ||    43
 Invoke: Recall Ancestor   |       |       |     1 ||     1
  Evoke: Wand              |     4 |    26 |    12 ||    42
   Stab: Sleeping          |       |     7 |     8 ||    15
         Distracted        |       |       |     1 ||     1
 Armour: Leather armour    |    22 |   134 |   158 ||   314
  Dodge: Dodged            |    19 |   132 |   120 ||   271

Table legend: (Time is in decaauts)
 A = Elapsed time spent in this place.
 B = Non-inter-level travel time spent in this place.
 C = Inter-level travel time spent in this place.
 D = Time resting spent in this place.
 E = Time spent auto-exploring this place.
 F = Levels seen in this place.
 G = Mean time per level.
                   A        B        C        D        E       F      G
               +--------+--------+--------+--------+--------+-----+--------+
         Total |   7615 |   7198 |    417 |   1385 |   4630 |   8 |  951.9 |
       Dungeon |   7613 |   7196 |    417 |   1385 |   4630 |   7 | 1087.6 |
        Temple |      1 |      1 |      0 |      0 |      0 |   1 |    1.0 |
               +--------+--------+--------+--------+--------+-----+--------+

Top non-repeatable levels by time:
     D:4: 2125 daAuts
     D:2: 1717 daAuts
     D:6: 1411 daAuts
     D:3: 1330 daAuts
     D:5: 573 daAuts
     D:1: 441 daAuts
     D:7: 14 daAuts
  Temple: 1 daAuts
